TOP OF THE 1ST |
Montreal Expos batting - Pitching for Detroit Tigers : LHP Momosuke Sato
|
Pitching: LHP Momosuke Sato
|
|
Batting: RHB C.J. Beavers
|
0-0: Ball 1-0: Foul Ball, location: 2F 1-1: Bunted foul 1-2: SINGLE (Flyball, 78S, EV 89.4 MPH)
|
Batting: RHB Hugo Bautista
|
0-0: Ball 1-0: Foul Ball, location: 2F 1-1: Foul Ball, location: 2F 1-2: Ball 2-2: Strikes out swinging
|
Batting: RHB Mike Salmon
|
0-0: Foul Ball, location: 2F 0-1: Grounds into double play, 4-6-3 (Groundball, 34S, EV 90.6 MPH)
|
Top of the 1st over - 0 runs, 1 hit, 0 errors, 0 left on base; Montreal 0 - Detroit 0 |
BOTTOM OF THE 1ST |
Detroit Tigers batting - Pitching for Montreal Expos : RHP Steve Barrett
|
Pitching: RHP Steve Barrett
|
|
Batting: RHB Adrian Novakovic
|
0-0: Ball 1-0: Foul Ball, location: 2F 1-1: Swinging Strike 1-2: Strikes out swinging
|
Batting: SHB Ross Holland
|
0-0: Ball 1-0: Ball 2-0: Foul Ball, location: 2F 2-1: Ball 3-1: Swinging Strike 3-2: Strikes out swinging
|
Batting: RHB Victor Quinones
|
0-0: Foul Ball, location: 2F 0-1: Ball 1-1: Swinging Strike 1-2: Hit by Pitch
|
Batting: RHB Ryan Neal
|
0-0: Called Strike 0-1: Fly out, F8 (Line Drive, 8RM, EV 104.4 MPH)
|
Bottom of the 1st over - 0 runs, 0 hits, 0 errors, 1 left on base; Montreal 0 - Detroit 0 |
TOP OF THE 2ND |
Montreal Expos batting - Pitching for Detroit Tigers : LHP Momosuke Sato
|
Batting: LHB Austin Ohmer
|
0-0: Ball 1-0: Ball 2-0: Called Strike 2-1: Called Strike 2-2: Foul Ball, location: 2F 2-2: Foul Ball, location: 2F 2-2: Foul Ball, location: 2F 2-2: Ball 3-2: Foul Ball, location: 2F 3-2: Fly out, F8 (Flyball, 8LXD, EV 76.2 MPH)
|
Batting: RHB Robby Juarez
|
0-0: Called Strike 0-1: Ball 1-1: Foul Ball, location: 2F 1-2: Strikes out swinging
|
Batting: RHB John Ham
|
0-0: Ball 1-0: Called Strike 1-1: Swinging Strike 1-2: Strikes out looking
|
Top of the 2nd over - 0 runs, 0 hits, 0 errors, 0 left on base; Montreal 0 - Detroit 0 |
BOTTOM OF THE 2ND |
Detroit Tigers batting - Pitching for Montreal Expos : RHP Steve Barrett
|
Batting: RHB Jim Zucco
|
0-0: Called Strike 0-1: Ball 1-1: DOUBLE (Flyball, 78D, EV 110.0 MPH)
|
Batting: RHB Greg Harman
|
0-0: Swinging Strike 0-1: Ball 1-1: Ball 2-1: Foul Ball, location: 2F 2-2: Ball 3-2: Strikes out looking
|
Batting: LHB Conrad Taylor
|
0-0: Ball Wild Pitch! Jim Zucco to third 1-0: Foul Ball, location: 2F 1-1: Ground out U3 (Groundball, 3, EV 85.0 MPH)
|
Batting: LHB Brad Turner
|
0-0: Called Strike 0-1: Foul Ball, location: 2F 0-2: Ball 1-2: Foul Ball, location: 2F 1-2: Ball 2-2: Ground out 6-3 (Groundball, 4MS, EV 89.4 MPH)
|
Bottom of the 2nd over - 0 runs, 1 hit, 0 errors, 1 left on base; Montreal 0 - Detroit 0 |
TOP OF THE 3RD |
Montreal Expos batting - Pitching for Detroit Tigers : LHP Momosuke Sato
|
Batting: RHB Steve French
|
0-0: Foul Ball, location: 2F 0-1: Swinging Strike 0-2: Foul Ball, location: 2F 0-2: Strikes out swinging
|
Batting: RHB Eugênio Asceno
|
0-0: Ball 1-0: Ball 2-0: Ground out 6-3 (Groundball, 56, EV 106.2 MPH)
|
Batting: RHB Danny Diaz
|
0-0: Ball 1-0: Foul Ball, location: 2F 1-1: Ball 2-1: Foul Ball, location: 2F 2-2: Strikes out looking
|
Top of the 3rd over - 0 runs, 0 hits, 0 errors, 0 left on base; Montreal 0 - Detroit 0 |
BOTTOM OF THE 3RD |
Detroit Tigers batting - Pitching for Montreal Expos : RHP Steve Barrett
|
Batting: RHB Dave Reynolds
|
0-0: Called Strike 0-1: Fly out, F7 (Flyball, 7LS, EV 86.9 MPH)
|
Batting: RHB Adrian Novakovic
|
0-0: Ball 1-0: Ball 2-0: Ball 3-0: Base on Balls
|
Batting: SHB Ross Holland
|
Pickoff Throw to First - Out! 1-3 CS 0-0: Ball 1-0: Ball 2-0: Ground out 6-3 (Groundball, 6MD, EV 86.9 MPH)
|
Bottom of the 3rd over - 0 runs, 0 hits, 0 errors, 0 left on base; Montreal 0 - Detroit 0 |
TOP OF THE 4TH |
Montreal Expos batting - Pitching for Detroit Tigers : LHP Momosuke Sato
|
Batting: RHB C.J. Beavers
|
0-0: Swinging Strike 0-1: Ball 1-1: Ball 2-1: Ball 3-1: Base on Balls
|
Batting: RHB Hugo Bautista
|
0-0: Ball 1-0: Called Strike 1-1: Ball 2-1: SINGLE (Flyball, 8RS, EV 93.8 MPH) C.J. Beavers to second
|
Batting: RHB Mike Salmon
|
0-0: Ball 1-0: Foul Ball, location: 2F 1-1: Called Strike 1-2: Ball 2-2: Ball 3-2: Base on Balls C.J. Beavers to third Hugo Bautista to second
|
Batting: LHB Austin Ohmer
|
0-0: Foul Ball, location: 2F 0-1: Ball 1-1: Grounds into fielders choice 6-2 (Groundball, 56S, EV 64.4 MPH) Hugo Bautista to third Mike Salmon to second
|
Batting: RHB Robby Juarez
|
0-0: Ball 1-0: Ball 2-0: Called Strike 2-1: Ball 3-1: Base on Balls Hugo Bautista scores Mike Salmon to third Austin Ohmer to second
|
Batting: RHB John Ham
|
0-0: Called Strike 0-1: Ball 1-1: Swinging Strike 1-2: Strikes out swinging
|
Batting: RHB Steve French
|
0-0: Ball 1-0: Called Strike 1-1: Foul Ball, location: 2F 1-2: Foul Ball, location: 2F 1-2: Foul Ball, location: 2F 1-2: Foul Ball, location: 2F 1-2: Ball 2-2: Strikes out swinging
|
Top of the 4th over - 1 run, 1 hit, 0 errors, 3 left on base; Montreal 1 - Detroit 0 |
BOTTOM OF THE 4TH |
Detroit Tigers batting - Pitching for Montreal Expos : RHP Steve Barrett
|
Batting: RHB Victor Quinones
|
0-0: Ground out 4-3 (Groundball, 4, EV 84.4 MPH)
|
Batting: RHB Ryan Neal
|
0-0: Called Strike 0-1: Foul Ball, location: 2F 0-2: Foul Ball, location: 2F 0-2: Foul Ball, location: 2F 0-2: SINGLE (Line Drive, 56D, EV 93.8 MPH)
|
Batting: RHB Jim Zucco
|
0-0: Ball 1-0: Called Strike Ryan Neal steals 2nd base (no throw) 1-1: Ground out 5-3 (Groundball, 56S, EV 91.2 MPH)
|
Batting: RHB Greg Harman
|
0-0: Foul Ball, location: 2F 0-1: Ball 1-1: Called Strike 1-2: Strikes out swinging
|
Bottom of the 4th over - 0 runs, 1 hit, 0 errors, 1 left on base; Montreal 1 - Detroit 0 |
TOP OF THE 5TH |
Montreal Expos batting - Pitching for Detroit Tigers : LHP Momosuke Sato
|
Batting: RHB Eugênio Asceno
|
0-0: Ground out 4-3 (Groundball, 4, EV 82.5 MPH)
|
Batting: RHB Danny Diaz
|
0-0: Ball 1-0: Swinging Strike 1-1: Called Strike 1-2: Strikes out swinging
|
Batting: RHB C.J. Beavers
|
0-0: Called Strike 0-1: Ball 1-1: Fly out, F5 (Popup, 5S, EV 69.4 MPH)
|
Top of the 5th over - 0 runs, 0 hits, 0 errors, 0 left on base; Montreal 1 - Detroit 0 |
BOTTOM OF THE 5TH |
Detroit Tigers batting - Pitching for Montreal Expos : RHP Steve Barrett
|
Batting: LHB Conrad Taylor
|
0-0: Swinging Strike 0-1: Foul Ball, location: 2F 0-2: SINGLE (Groundball, 56D, EV 108.1 MPH)
|
Batting: LHB Brad Turner
|
0-0: Called Strike 0-1: Hit by Pitch Conrad Taylor to second
|
Batting: RHB Dave Reynolds
|
0-0: Ball 1-0: Foul Ball, location: 2F 1-1: Ball Wild Pitch! Conrad Taylor to third Brad Turner to second 2-1: Foul Ball, location: 2F 2-2: Foul Ball, location: 2F 2-2: Strikes out swinging
|
Batting: RHB Adrian Novakovic
|
0-0: Ball 1-0: Foul Ball, location: 2F 1-1: Foul Ball, location: 2F 1-2: Ball 2-2: SINGLE (Groundball, 6MD, EV 97.5 MPH) Conrad Taylor scores Brad Turner to third
|
Batting: SHB Ross Holland
|
0-0: Ball Adrian Novakovic steals 2nd base 1-0: Called Strike 1-1: Fly out, F8 (Flyball, 78M, EV 76.2 MPH)
|
Batting: RHB Victor Quinones
|
0-0: Ball 1-0: Foul Ball, location: 2F 1-1: Ball 2-1: Swinging Strike 2-2: Foul Ball, location: 2F 2-2: Strikes out swinging
|
Bottom of the 5th over - 1 run, 2 hits, 0 errors, 2 left on base; Montreal 1 - Detroit 1 |
TOP OF THE 6TH |
Montreal Expos batting - Pitching for Detroit Tigers : LHP Momosuke Sato
|
Batting: RHB Hugo Bautista
|
0-0: Ball 1-0: Swinging Strike 1-1: Swinging Strike 1-2: Foul Ball, location: 2F 1-2: Ball 2-2: Strikes out swinging
|
Batting: RHB Mike Salmon
|
0-0: Ball 1-0: Ball 2-0: Foul Ball, location: 2F 2-1: Foul Ball, location: 2F 2-2: Foul Ball, location: 2F 2-2: Foul Ball, location: 2F 2-2: Foul Ball, location: 2F 2-2: SINGLE (Groundball, 4MD, EV 105.0 MPH) (infield hit)
|
Batting: LHB Austin Ohmer
|
0-0: Ball 1-0: Fly out, F9 (Line Drive, 9D, EV 93.8 MPH)
|
Batting: RHB Robby Juarez
|
0-0: Called Strike Mike Salmon is caught stealing 2nd base 2-4
|
Top of the 6th over - 0 runs, 1 hit, 0 errors, 0 left on base; Montreal 1 - Detroit 1 |
BOTTOM OF THE 6TH |
Detroit Tigers batting - Pitching for Montreal Expos : RHP Steve Barrett
|
Batting: RHB Ryan Neal
|
0-0: Called Strike 0-1: Foul Ball, location: 2F 0-2: Ground out U3 (Groundball, 34, EV 84.4 MPH)
|
Batting: RHB Jim Zucco
|
0-0: Ball 1-0: Called Strike 1-1: Ball 2-1: Ball 3-1: Base on Balls
|
Batting: RHB Greg Harman
|
0-0: Swinging Strike 0-1: Called Strike 0-2: Ball 1-2: Strikes out swinging
|
Batting: LHB Conrad Taylor
|
0-0: Called Strike 0-1: SINGLE (Groundball, 56D, EV 104.4 MPH) Jim Zucco to second Runner from 2nd tries for 3rd, OUT! 7-5
|
Bottom of the 6th over - 0 runs, 1 hit, 0 errors, 1 left on base; Montreal 1 - Detroit 1 |
TOP OF THE 7TH |
Montreal Expos batting - Pitching for Detroit Tigers : LHP Momosuke Sato
|
Batting: RHB Robby Juarez
|
0-0: Called Strike 0-1: Ball 1-1: Foul Ball, location: 2F 1-2: Strikes out looking
|
Batting: RHB John Ham
|
0-0: Ball 1-0: Ball 2-0: Ball 3-0: Base on Balls
|
Pitching: RHP Franz Holzknecht
|
|
Batting: RHB Steve French
|
0-0: Ball 1-0: Foul Ball, location: 2F 1-1: Grounds into double play, 4-6-3 (Groundball, 4M, EV 84.4 MPH)
|
Top of the 7th over - 0 runs, 0 hits, 0 errors, 0 left on base; Montreal 1 - Detroit 1 |
BOTTOM OF THE 7TH |
Detroit Tigers batting - Pitching for Montreal Expos : RHP Steve Barrett
|
Batting: LHB Brad Turner
|
0-0: Ball 1-0: Ball 2-0: Called Strike 2-1: Ball 3-1: Foul Ball, location: 2F 3-2: SINGLE (Flyball, 3D, EV 86.9 MPH)
|
Batting: RHB Dave Reynolds
|
0-0: Bunted foul 0-1: Sac Bunt to 13S - play at second, runner OUT! 1-6
|
Batting: RHB Adrian Novakovic
|
0-0: Grounds into double play, 6-4-3 (Groundball, 56D, EV 103.1 MPH)
|
Bottom of the 7th over - 0 runs, 1 hit, 0 errors, 0 left on base; Montreal 1 - Detroit 1 |
TOP OF THE 8TH |
Montreal Expos batting - Pitching for Detroit Tigers : RHP Franz Holzknecht
|
Batting: RHB Eugênio Asceno
|
0-0: Called Strike 0-1: SINGLE (Groundball, 6MD, EV 103.1 MPH)
|
Batting: RHB Danny Diaz
|
0-0: Ball 1-0: Ball 2-0: Called Strike 2-1: Ball 3-1: Grounds into double play, 1-4-3 (Groundball, P, EV 73.8 MPH)
|
Pinch Hitting: LHB Steve Anderson
|
0-0: Ball 1-0: Foul Ball, location: 2F 1-1: Ball 2-1: Foul Ball, location: 2F 2-2: SOLO HOME RUN (Flyball, 78XD, EV 113.8 MPH), Distance : 427 ft
|
Batting: RHB Hugo Bautista
|
0-0: Ball 1-0: Called Strike 1-1: Ball 2-1: Swinging Strike 2-2: Foul Ball, location: 2F 2-2: Strikes out swinging
|
Top of the 8th over - 1 run, 2 hits, 0 errors, 0 left on base; Montreal 2 - Detroit 1 |
BOTTOM OF THE 8TH |
Detroit Tigers batting - Pitching for Montreal Expos : RHP Steve Barrett
|
Now in RF: Bran Stark
|
|
Batting: SHB Ross Holland
|
0-0: Ball 1-0: Ball 2-0: Called Strike 2-1: Ground out 6-3 (Groundball, 6, EV 78.1 MPH)
|
Batting: RHB Victor Quinones
|
0-0: Ground out 4-3 (Groundball, 4, EV 91.2 MPH)
|
Pinch Hitting: LHB Tyler Davis
|
0-0: Foul Ball, location: 2F 0-1: Foul Ball, location: 2F 0-2: Strikes out swinging
|
Bottom of the 8th over - 0 runs, 0 hits, 0 errors, 0 left on base; Montreal 2 - Detroit 1 |
TOP OF THE 9TH |
Montreal Expos batting - Pitching for Detroit Tigers : RHP Franz Holzknecht
|
Now at 3B: Brady Jeleniewski
|
|
Batting: RHB Mike Salmon
|
0-0: Ball 1-0: Called Strike 1-1: Called Strike 1-2: Ball 2-2: Ball 3-2: Base on Balls
|
Batting: LHB Austin Ohmer
|
0-0: Ball Mike Salmon steals 2nd base 1-0: Intentional Walk
|
Batting: RHB Robby Juarez
|
0-0: Foul Ball, location: 2F 0-1: Called Strike 0-2: Foul Ball, location: 2F 0-2: Ball 1-2: Fielders Choice at 2nd, 5-4 (Groundball, 25, EV 92.5 MPH) Mike Salmon to third
|
Batting: RHB John Ham
|
|
Pinch Hitting: SHB Pete Barutha
|
0-0: Called Strike 0-1: Called Strike Robby Juarez steals 2nd base 0-2: Foul Ball, location: 2F 0-2: Ball 1-2: Strikes out swinging
|
Batting: RHB Steve French
|
0-0: Swinging Strike 0-1: Swinging Strike 0-2: Ball 1-2: Ball 2-2: Ball 3-2: Foul Ball, location: 2F 3-2: Strikes out swinging
|
Top of the 9th over - 0 runs, 0 hits, 0 errors, 2 left on base; Montreal 2 - Detroit 1 |
BOTTOM OF THE 9TH |
Detroit Tigers batting - Pitching for Montreal Expos : RHP Steve Barrett
|
Pitching: RHP Jakub Kvacek
|
|
Now in LF: Pete Barutha
|
|
Batting: RHB Jim Zucco
|
0-0: SINGLE (Flyball, 89D, EV 111.2 MPH)
|
Batting: RHB Greg Harman
|
0-0: Called Strike 0-1: Ball 1-1: Foul Ball, location: 2F 1-2: Ball 2-2: Ball 3-2: SINGLE (Groundball, 6MD, EV 106.9 MPH) Jim Zucco to second
|
Batting: LHB Conrad Taylor
|
0-0: Ball 1-0: Ball 2-0: Ball 3-0: Foul Ball, location: 2F 3-1: SINGLE (Groundball, 34D, EV 105.6 MPH) Jim Zucco to third Greg Harman to second Runner from 3rd tries for Home, SAFE, throw by RF to home
|
Batting: LHB Brad Turner
|
0-0: Called Strike 0-1: Swinging Strike 0-2: Foul Ball, location: 2F 0-2: Strikes out looking
|
Batting: RHB Dave Reynolds
|
0-0: Called Strike 0-1: Ball 1-1: Ball 2-1: Ball 3-1: Swinging Strike 3-2: Fly out, F9 (Flyball, 89S, EV 78.8 MPH)
|
Batting: RHB Adrian Novakovic
|
0-0: Called Strike 0-1: Called Strike 0-2: Foul Ball, location: 2F 0-2: Ball 1-2: Strikes out swinging
|
Bottom of the 9th over - 1 run, 3 hits, 0 errors, 2 left on base; Montreal 2 - Detroit 2 |
TOP OF THE 10TH |
Montreal Expos batting - Pitching for Detroit Tigers : RHP Franz Holzknecht
|
Pitching: LHP Bobby Jones
|
|
Batting: RHB Eugênio Asceno
|
0-0: Foul Ball, location: 2F 0-1: Ground out 6-3 (Groundball, 6, EV 97.5 MPH)
|
Batting: RHB Danny Diaz
|
0-0: Ball 1-0: Called Strike 1-1: Ball 2-1: Foul Ball, location: 2F 2-2: Strikes out swinging
|
Batting: SHB Bran Stark
|
0-0: Ball 1-0: Ball 2-0: Swinging Strike 2-1: Swinging Strike 2-2: Ball 3-2: Strikes out swinging
|
Top of the 10th over - 0 runs, 0 hits, 0 errors, 0 left on base; Montreal 2 - Detroit 2 |
BOTTOM OF THE 10TH |
Detroit Tigers batting - Pitching for Montreal Expos : RHP Jakub Kvacek
|
Pitching: RHP Joel Montenegro
|
|
Batting: SHB Ross Holland
|
0-0: Foul Ball, location: 2F 0-1: Foul Ball, location: 2F 0-2: Ball 1-2: Foul Ball, location: 2F 1-2: Strikes out swinging
|
Batting: RHB Victor Quinones
|
0-0: Foul Ball, location: 2F 0-1: Ball 1-1: Fly out, F7 (Line Drive, 78M, EV 90.0 MPH)
|
Batting: RHB Brady Jeleniewski
|
0-0: Ball 1-0: Called Strike 1-1: Ground out 5-3 (Groundball, 5, EV 80.6 MPH)
|
Bottom of the 10th over - 0 runs, 0 hits, 0 errors, 0 left on base; Montreal 2 - Detroit 2 |
TOP OF THE 11TH |
Montreal Expos batting - Pitching for Detroit Tigers : LHP Bobby Jones
|
Batting: RHB Hugo Bautista
|
0-0: Ground out 6-3 (Groundball, 6, EV 84.4 MPH)
|
Batting: RHB Mike Salmon
|
0-0: Called Strike 0-1: Ball 1-1: Ball 2-1: Swinging Strike 2-2: Foul Ball, location: 2F 2-2: Foul Ball, location: 2F 2-2: Foul Ball, location: 2F 2-2: Strikes out swinging
|
Pinch Hitting: RHB Nick Sharp
|
0-0: Ball 1-0: Called Strike 1-1: Ball 2-1: Ball 3-1: Base on Balls
|
Batting: RHB Robby Juarez
|
0-0: Ball Nick Sharp is caught stealing 2nd base 2-4
|
Top of the 11th over - 0 runs, 0 hits, 0 errors, 0 left on base; Montreal 2 - Detroit 2 |
BOTTOM OF THE 11TH |
Detroit Tigers batting - Pitching for Montreal Expos : RHP Joel Montenegro
|
Now in CF: Bran Stark
|
|
Now in RF: Davion Lewis
|
|
Batting: RHB Jim Zucco
|
0-0: Called Strike 0-1: Ground out 5-3 (Groundball, 5S, EV 61.9 MPH)
|
Batting: RHB Greg Harman
|
0-0: Ball 1-0: Reached on error, E4 (Groundball, 4, EV 83.1 MPH)
|
Batting: LHB Conrad Taylor
|
0-0: Ball 1-0: Called Strike 1-1: SINGLE (Line Drive, 4MD, EV 101.9 MPH) Greg Harman to second
|
Batting: LHB Brad Turner
|
0-0: Called Strike 0-1: Ball 1-1: Ball 2-1: Ball 3-1: Called Strike 3-2: Foul Ball, location: 2F 3-2: Ground out 5-3 (Groundball, P, EV 86.2 MPH) Greg Harman to third Conrad Taylor to second
|
Batting: RHB Dave Reynolds
|
0-0: Ball 1-0: Called Strike 1-1: Ground out 4-3 (Groundball, 4M, EV 86.9 MPH)
|
Bottom of the 11th over - 0 runs, 1 hit, 1 error, 2 left on base; Montreal 2 - Detroit 2 |
TOP OF THE 12TH |
Montreal Expos batting - Pitching for Detroit Tigers : LHP Bobby Jones
|
Pitching: RHP Joe Bradford
|
|
Batting: RHB Robby Juarez
|
0-0: Ground out 6-3 (Groundball, 6, EV 84.4 MPH)
|
Batting: SHB Pete Barutha
|
0-0: Called Strike 0-1: SINGLE (Groundball, 34D, EV 106.9 MPH)
|
Batting: RHB Steve French
|
0-0: Ball Wild Pitch! Pete Barutha to second 1-0: Ground out 6-3 (Groundball, 6, EV 83.1 MPH) Pete Barutha to third
|
Batting: RHB Eugênio Asceno
|
0-0: Intentional Walk
|
Batting: RHB Danny Diaz
|
0-0: Foul Ball, location: 2F 0-1: Ball 1-1: Fly out, F8 (Flyball, 78M, EV 83.8 MPH)
|
Top of the 12th over - 0 runs, 1 hit, 0 errors, 2 left on base; Montreal 2 - Detroit 2 |
BOTTOM OF THE 12TH |
Detroit Tigers batting - Pitching for Montreal Expos : RHP Joel Montenegro
|
Batting: RHB Adrian Novakovic
|
0-0: Ball 1-0: Foul Ball, location: 2F 1-1: Ball 2-1: Ball 3-1: Base on Balls
|
Batting: SHB Ross Holland
|
0-0: Foul Ball, location: 2F 0-1: Ball 1-1: Ball 2-1: Sac Bunt to 15S - play at first, batter safe! Adrian Novakovic to second
|
Batting: RHB Victor Quinones
|
0-0: Ball 1-0: Ball 2-0: Ball 3-0: Fly out, F6 (Popup, 6S, EV 83.1 MPH)
|
Batting: RHB Brady Jeleniewski
|
0-0: Ball 1-0: Ball 2-0: Called Strike 2-1: Ball 3-1: Called Strike 3-2: Strikes out looking
|
Pitching: RHP Ben Sheets
|
|
Batting: RHB Jim Zucco
|
0-0: Called Strike 0-1: Called Strike 0-2: Strikes out swinging
|
Bottom of the 12th over - 0 runs, 1 hit, 0 errors, 2 left on base; Montreal 2 - Detroit 2 |
TOP OF THE 13TH |
Montreal Expos batting - Pitching for Detroit Tigers : RHP Joe Bradford
|
Batting: SHB Bran Stark
|
0-0: Called Strike 0-1: Ball 1-1: SINGLE (Groundball, 34D, EV 80.0 MPH) (infield hit)
|
Batting: RHB Hugo Bautista
|
0-0: Called Strike Bran Stark steals 2nd base 0-1: Ground out U3 (Groundball, 3S, EV 87.5 MPH) Bran Stark to third
|
Batting: RHB Mike Salmon
|
0-0: Intentional Walk
|
Batting: LHB Davion Lewis
|
0-0: Ball Mike Salmon steals 2nd base (no throw) 1-0: Foul Ball, location: 2F 1-1: Foul Ball, location: 2F 1-2: Ground out 6-3 (Groundball, 6M, EV 82.5 MPH)
|
Batting: RHB Robby Juarez
|
0-0: Foul Ball, location: 2F 0-1: Ball 1-1: Ball 2-1: Foul Ball, location: 2F 2-2: Ball 3-2: Foul Ball, location: 2F 3-2: DOUBLE (Line Drive, 9LM, EV 108.8 MPH) Bran Stark scores Mike Salmon scores
|
Batting: SHB Pete Barutha
|
0-0: Ball 1-0: Foul Ball, location: 2F 1-1: Ball 2-1: DOUBLE (Line Drive, 89D, EV 108.8 MPH) Robby Juarez scores
|
Pitching: RHP Jason Williams
|
|
Batting: RHB Steve French
|
0-0: Called Strike 0-1: Called Strike 0-2: Strikes out swinging
|
Top of the 13th over - 3 runs, 3 hits, 0 errors, 1 left on base; Montreal 5 - Detroit 2 |
BOTTOM OF THE 13TH |
Detroit Tigers batting - Pitching for Montreal Expos : RHP Ben Sheets
|
Batting: RHB Greg Harman
|
0-0: Ball 1-0: Called Strike 1-1: SINGLE (Groundball, 6M, EV 87.5 MPH) (infield hit)
|
Batting: LHB Conrad Taylor
|
0-0: Called Strike 0-1: Swinging Strike 0-2: Ball 1-2: Strikes out swinging
|
Batting: LHB Brad Turner
|
0-0: Swinging Strike 0-1: Foul Ball, location: 2F 0-2: Strikes out swinging
|
Batting: RHB Dave Reynolds
|
0-0: Ball 1-0: Called Strike 1-1: Foul Ball, location: 2F 1-2: Foul Ball, location: 2F 1-2: Ball 2-2: Ball 3-2: Ground out 4-3 (Groundball, 34, EV 86.9 MPH)
|
Bottom of the 13th over - 0 runs, 1 hit, 0 errors, 1 left on base; Montreal 5 - Detroit 2 |
|